 Dungeon Crawl Stone Soup version 0.26.1-11-gd32895ea62 (webtiles) character file.

Game seed: 13487898999414860207

663 Almogavar the Slasher (level 7, 0/61 HPs)
             Began as a Minotaur Berserker on May 29, 2021.
             Was a Believer of Trog.
             Slain by philipeq's ghost (1 damage)
             ... while paralysed
             ... on level 4 of the Dungeon.
             The game lasted 00:10:15 (4231 turns).

Almogavar the Slasher (Minotaur Berserker)          Turns: 4231, Time: 00:10:15

Health: 0/61       AC:  4    Str: 23      XL:     7   Next: 31%
Magic:  6/6        EV:  2    Int:  4      God:    Trog [**....]
Gold:   191        SH:  0    Dex:  0 (10) Spells: 6/6 levels left

rFire    . . .     SeeInvis .   a - +0 falchion
rCold    . . .     Faith    .   e - +0 buckler
rNeg     . . .     Spirit   .   t - +0 troll leather armour
rPois    .         Reflect  .   (helmet restricted)
rElec    .         Harm     .   (no cloak)
rCorr    .         Rampage  .   (no gloves)
Will     .....                  (no boots)
Stlth    ..........             b - amulet of the acrobat
HPRegen  0.60/turn              (no ring)
MPRegen  0.10/turn              (no ring)

@: paralysed, berserk cooldown, slowed, lost dexterity
A: retaliatory headbutt, horns 2
a: Renounce Religion, Berserk, Trog's Hand


You were on level 4 of the Dungeon.
You worshipped Trog.
Trog was pleased with you.
You visited 1 branch of the dungeon, and saw 4 of its levels.

You collected 191 gold pieces.

Inventory:

Hand Weapons
 a - a +0 falchion (weapon)
 r - a +0 morningstar of protection
Missiles
 j - 45 bolts
 k - 128 stones
 o - 90 sling bullets
Armour
 d - a +0 ring mail
 e - a +0 buckler (worn)
 s - a +0 scale mail
 t - a +0 troll leather armour (worn)
 u - a cursed +0 chain mail
Jewellery
 b - an amulet of the acrobat (around neck)
Wands
 y - a wand of paralysis (9)
 B - a wand of digging (8)
 C - a wand of acid (6)
Scrolls
 f - a scroll of enchant armour {unknown}
 h - 3 scrolls of remove curse
 m - a scroll of teleportation {unknown}
 n - a scroll of immolation {unknown}
 p - a scroll of fog {unknown}
 q - 2 scrolls of amnesia {unknown}
 v - a scroll of enchant weapon {unknown}
 x - 2 scrolls of noise {unknown}
 A - a scroll of fear {unknown}
Potions
 c - 2 potions of ambrosia
 g - a potion of attraction {unknown}
 i - a potion of magic {unknown}
 l - a potion of degeneration {unknown}
 w - a potion of curing {unknown}
 z - a potion of lignification {unknown}


   Skills:
 + Level 5.4 Fighting
 + Level 7.2 Long Blades
 - Level 4.0 Armour
 + Level 4.2 Dodging
 - Level 1.4 Stealth
 + Level 1.4 Shields


You had 6 spell levels left.
You didn't know any spells.
Your spell library was empty.

Dungeon Overview and Level Annotations

Branches:
Dungeon (4/15)             Temple (0/1) D:4

Altars:
Elyvilon

Annotations:
D:4 1 transporter, philipeq's ghost, amateur DrAE


Innate Abilities, Weirdness & Mutations

You reflexively headbutt those who attack you in melee.
You have a pair of horns on your head.


Message History

You feel clumsy.
You have lost your dexterity.
The quasit claws you but does no damage.
The quasit bites you.
* * * LOW HITPOINT WARNING * * *
The quasit claws you but does no damage. x2
Philipeq's ghost hits you.
* * * LOW HITPOINT WARNING * * *
Philipeq's ghost burns you.
* * * LOW HITPOINT WARNING * * *
The quasit bites you but does no damage.
The quasit claws you but does no damage.
The quasit claws you.
* * * LOW HITPOINT WARNING * * *
Philipeq's ghost hits you but does no damage.
The quasit bites you but does no damage.
The quasit claws you but does no damage. x2
Philipeq's ghost hits you.
* * * LOW HITPOINT WARNING * * *
Philipeq's ghost burns you.
You die...

#...# #.#.# #####.#
#####.#.####.#.# #.#
##..............#######.#
#..####.©.####..........#
### ##.## .#####
.###..####### ..## #..#
...$[..#..##.# ##### #..#
#.##.##..=###....#.# #....
...# #.#.....#.W...#.##.#
#.### P..# #.#..##..@5.#
.©#..# #.# P.##
#.#......#..##..#..# #.#
P.# #.##...#. .#....#..#
#.# ..######..#....#
.....##..# #.#
..........##### ###.##...#
#.#
#########.....####©###..#.#
#.# #
#####..........##.###.#
##### ######.######...†.#
....#############[.#
#####.#


You could see a quasit and philipeq's ghost (swift).

Vanquished Creatures
  An ogre (D:4)
  A phantom (D:4)
  A scorpion (D:4)
  3 quasits (D:4)
  A hound (D:4)
  An orc priest (D:4)
  A bullfrog skeleton (D:4)
  3 orc wizards (D:4)
  3 worker ants
  6 adders
  An ooze (D:2)
  2 worms
  A leopard gecko (D:4)
  9 orcs
  4 giant cockroaches
  4 hobgoblins
  6 jackals
  2 quokkas
  2 ball pythons (D:1)
  3 bats
  8 frilled lizards
  6 goblins
  7 kobolds
  4 rats
80 creatures vanquished.

Notes
Turn   | Place    | Note
-------+----------+-------------------------------------------
     0 | D:1      | Almogavar the Minotaur Berserker began the quest for the
                  | Orb.
     0 | D:1      | Reached XP level 1. HP: 19/19 MP: 0/0
   417 | D:1      | Reached XP level 2. HP: 27/27 MP: 1/1
  1113 | D:2      | Found a white marble altar of Elyvilon.
  1120 | D:2      | Reached skill level 4 in Long Blades
  1124 | D:2      | Reached XP level 3. HP: 33/33 MP: 2/2
  1454 | D:2      | Reached XP level 4. HP: 39/40 MP: 3/3
  1615 | D:2      | Reached ** piety under Trog
  2413 | D:3      | Reached skill level 1 in Stealth
  3117 | D:4      | Noticed a phantom
  3152 | D:4      | Killed a phantom
  3153 | D:4      | Reached skill level 5 in Long Blades
  3153 | D:4      | Reached XP level 5. HP: 47/47 MP: 4/4
  3278 | D:4      | Found a staircase to the Ecumenical Temple.
  3334 | D:4      | Reached XP level 6. HP: 42/53 MP: 5/5
  3467 | D:4      | Reached skill level 6 in Long Blades
  3569 | D:4      | Noticed philipeq's ghost (amateur DrAE)
  3579 | D:4      | Found a transporter.
  3678 | D:4      | Reached skill level 5 in Fighting
  3839 | D:4      | Reached skill level 1 in Shields
  3839 | D:4      | Reached XP level 7. HP: 36/61 MP: 6/6
  4008 | D:4      | Found a transporter.
  4064 | D:4      | Reached skill level 7 in Long Blades
  4228 | D:4      | Lost dexterity.
  4229 | D:4      | HP: 3/61 [philipeq's ghost (2)]
  4231 | D:4      | HP: 1/61 [philipeq's ghost (2)]
  4231 | D:4      | Slain by philipeq's ghost

Illustrated notes

Levels and vault maps discovered:
D:1:      wander_arrival_estate, layout_basic, minivault_4
D:2:      layout_loops_ring, elyvilon_altar_5
D:3:      layout_loops_cross
D:4:      layout_loops_ring, minmay_temple_entry_overgrown,
          gammafunk_ghost_stat_death, chequers_serial_rivers_small_b,
          minmay_small_thing

Skill      XL: |  1  2  3  4  5  6  7 |
---------------+----------------------+-----
Fighting       | 4 5 |  5.4
Long Blades    | 4 5 6 7 |  7.2
Armour         | 3 4 |  4.0
Dodging        | 3 4 |  4.2
Stealth        | 1 |  1.4
Shields        | 1 |  1.4

Action                   |  1- 3 |  4- 6 |  7- 9 || total
-------------------------+-------+-------+-------++-------
Melee: Falchion          |    62 |   127 |    43 ||   232
       Headbutt          |     9 |    24 |     6 ||    39
Invok: Berserk           |     1 |       |     1 ||     2
       Trog's Hand       |       |       |     1 ||     1
  Use: Scroll            |     1 |     4 |       ||     5
 Stab: Sleeping          |     1 |     1 |       ||     2
Armor: Animal skin       |    15 |     4 |       ||    19
       Troll leather arm |       |    11 |    45 ||    56
Dodge: Dodged            |    49 |    71 |    45 ||   165
Block: Buckler           |       |    14 |     7 ||    21
       Rpst.: Falchion   |     9 |    14 |     4 ||    27
